AoeStats
← Andraste

Lombardia

507986728Analyzed
3v3 RM · 13d ago on Sep 20, 2026· 52m 19s· 6 players
Game mode
Random Map
Map size
Normal (6 player)
Population
200
Speed
Normal
Resources
Standard
Victory
Conquest
Starting age
Dark Age
Ending age
Imperial Age
RankedLock teamsTeams togetherTeam positionsShared explorationLock speedFull tech treeHidden civsTurbo modeCheats
Victory
Defeat
🇧🇷 Sicilians · Brazil
1513
+11
🇻🇳 Magyars · Vietnam
1472
+12
🇩🇪 Malay · Germany
1441
+14
🇺🇸 Bulgarians · United States
1412
-13
🇺🇸 Spanish · United States
1402
-13
🇺🇸 Saracens · United States
1372
-11
The High Ground
8:26 Loom
12:03 Feudal Age
16:26 Castle Age
15:13 Double-Bit Axe
16:24 Fletching
16:35 Padded Archer Armor
16:39 Crossbowman
25:56 Bodkin Arrow
28:38 Wheelbarrow
28:42 Leather Archer Armor
30:08 Ballistics
30:18 Gold Mining
32:43 Thumb Ring
34:01 Horse Collar
38:51 Imperial Age
36:48 Heavy Plow
39:21 Arbalester
40:11 Bracer
40:42 Ring Archer Armor
42:06 Chemistry
Dromophobia
7:43 Loom
8:29 Loom
10:50 Feudal Age
15:01 Castle Age
13:20 Double-Bit Axe
14:00 Horse Collar
16:52 Bow Saw
24:46 Padded Archer Armor
25:48 Wheelbarrow
25:53 Leather Archer Armor
27:45 Bloodlines
27:56 Town Watch
33:48 Imperial Age
31:42 Scale Barding Armor
32:41 Chain Barding Armor
32:43 Gold Mining
33:50 Cavalier
34:52 Conscription
35:32 Plate Barding Armor
35:15 Heavy Plow
36:47 Husbandry
37:18 Forging
38:14 Two-Man Saw
38:49 Iron Casting
40:56 Blast Furnace
40:31 Hand Cart
41:18 Paladin
42:45 Stone Mining
43:38 Hoardings
43:16 Fletching
45:13 Ballistics
47:32 Chemistry
46:42 Masonry
46:59 Bodkin Arrow
47:01 Light Cavalry
Andraste
5:28 Loom
9:07 Feudal Age
10:31 Double-Bit Axe
11:12 Horse Collar
22:21 Castle Age
21:14 Scale Barding Armor
21:23 Forging
23:37 Bow Saw
24:02 Heavy Plow
26:18 Wheelbarrow
29:51 Gold Mining
31:44 Hand Cart
31:43 Town Watch
35:10 Imperial Age
32:49 Town Watch
33:32 Bloodlines
34:04 Iron Casting
34:17 Chain Barding Armor
34:59 Scale Mail Armor
35:49 Husbandry
36:06 Chain Mail Armor
36:29 Plate Barding Armor
38:16 Blast Furnace
37:39 Stone Mining
39:18 Gold Shaft Mining
38:32 Elite Konnik
39:37 Chain Mail Armor
39:24 Stirrups
40:06 Fletching
41:34 Conscription
43:50 Bodkin Arrow
45:30 Bracer
48:39 Siege Engineers
48:56 Ballistics
48:48 Masonry
48:49 Light Cavalry
51:39 Caravan
Lambadaschnitte
6:57 Loom
9:58 Feudal Age
10:47 Double-Bit Axe
15:00 Fletching
15:55 Horse Collar
24:14 Castle Age
22:52 Padded Archer Armor
23:24 Gold Mining
23:29 Crossbowman
24:05 Bodkin Arrow
25:48 Ballistics
27:26 Leather Archer Armor
28:04 Bow Saw
29:29 Wheelbarrow
28:39 Town Watch
30:30 Heavy Plow
36:03 Imperial Age
35:52 Thumb Ring
35:43 Arbalester
39:17 Bracer
40:18 Chemistry
39:49 Ring Archer Armor
40:43 Caravan
41:55 Sanctity
42:11 Forced Levy
42:34 Forging
42:51 Man-at-Arms
43:32 Squires
43:17 Arson
44:31 Gold Shaft Mining
43:46 Stone Mining
44:28 Crop Rotation
43:35 Long Swordsman
45:25 Coinage
45:07 Two-Handed Swordsman
47:43 Hand Cart
47:20 Pikeman
48:12 Halberdier
50:22 Banking
50:03 Guilds
51:45 Block Printing
51:55 Illumination
52:23 Town Patrol
52:57 Conscription
52:00 Elite Karambit Warrior
53:18 Iron Casting
bina
8:56 Feudal Age
13:02 Loom
13:23 Double-Bit Axe
19:18 Castle Age
18:03 Bloodlines
18:09 Gold Mining
19:22 Light Cavalry
20:03 Husbandry
21:13 Bow Saw
22:06 Horse Collar
23:05 Scale Barding Armor
26:45 Stone Mining
27:38 Wheelbarrow
29:07 Chain Barding Armor
28:59 Town Watch
30:30 Fervor
31:35 Gold Shaft Mining
32:32 Hand Cart
32:53 Heavy Plow
37:29 Imperial Age
35:16 Corvinian Army
35:54 Sanctity
35:45 Fletching
37:22 Bodkin Arrow
37:28 Padded Archer Armor
37:42 Masonry
37:14 Treadmill Crane
37:55 Ballistics
37:38 Cavalier
38:56 Plate Barding Armor
39:18 Sappers
40:59 Conscription
42:38 Chemistry
42:54 Elite Magyar Huszar
45:10 Hoardings
44:46 Paladin
51:14 Caravan
53:20 Two-Man Saw
KND
8:08 Loom
10:21 Feudal Age
10:52 Double-Bit Axe
11:23 Horse Collar
18:12 Castle Age
17:21 Gold Mining
19:43 Wheelbarrow
19:29 Bow Saw
20:13 Heavy Plow
21:49 Town Watch
23:47 Stone Mining
24:33 Gold Shaft Mining
24:19 Fletching
25:31 Bodkin Arrow
27:10 Hand Cart
28:49 Stone Shaft Mining
31:33 Imperial Age
30:04 Bloodlines
29:54 Husbandry
30:27 Scale Barding Armor
30:33 Forging
31:19 Town Patrol
33:36 Cavalier
34:25 Hauberk
35:02 Chain Barding Armor
35:18 Iron Casting
35:38 Masonry
37:27 Plate Barding Armor
38:29 Chemistry
37:59 Conscription
40:25 Blast Furnace
39:50 Ballistics
40:34 Hoardings
39:57 Elite Serjeant
42:06 Pikeman
42:53 Scale Mail Armor
43:15 Halberdier
43:42 Gambesons
43:58 Squires
44:34 Chain Mail Armor
45:23 Murder Holes
47:46 Sappers
48:10 Arson
48:20 Capped Ram
51:51 Plate Mail Armor
51:22 Bracer
51:56 Light Cavalry
Connection lost

Rejoining the realm…

Still unreachable

The connection could not be restored.

Session expired

The server has moved on; the page needs a fresh start.